3AAA
ALASKAN HUMPBACKS @ SIOUX FALLS RED PANDAS
08/23/2034
 
TOP OF THE 1ST
Alaskan Humpbacks batting - Pitching for Sioux Falls Red Pandas : LHP Raúl Gómez
Pitching: LHP Raúl Gómez
Batting: LHB Dallas Ihde 0-0: DOUBLE (Line Drive, 7LM)
Batting: LHB Craig Morgan 0-0: Called Strike
0-1: Called Strike
0-2: Ball
1-2: Strikes out swinging
Batting: RHB Sigi Lang 0-0: Called Strike
Dallas Ihde steals 3rd base
0-1: Fly out, F9 (Flyball, 89D)
Runner from 3rd tags up, SCORES, throw made
Batting: RHB Jimbob Ghostkeeper 0-0: Ball
1-0: Foul Ball, location: 2F
1-1: Ball
2-1: Ball
3-1: Foul Ball, location: 2F
3-2: Base on Balls
Batting: LHB Gabriel Amezquita 0-0: Ground out 4-3 (Groundball, 4)
Top of the 1st over - 1 run, 1 hit, 0 errors, 1 left on base; Alaskan 1 - Sioux Falls 0
BOTTOM OF THE 1ST
Sioux Falls Red Pandas batting - Pitching for Alaskan Humpbacks : LHP Brandon Franklin
Pitching: LHP Brandon Franklin
Batting: LHB Mo-ruo Teoh 0-0: Called Strike
0-1: Ball
1-1: Ball
2-1: SINGLE (Line Drive, 7S)
Batting: RHB Wilfred McLaughlin 0-0: Foul Ball, location: 2F
0-1: Ball
1-1: Ball
2-1: Foul Ball, location: 2F
2-2: Ball
3-2: Base on Balls
Mo-ruo Teoh to second
Batting: RHB Gary Chalmers 0-0: Ball
1-0: SINGLE (Line Drive, 6MD)
Mo-ruo Teoh to third
Wilfred McLaughlin to second
Batting: LHB Count Dante 0-0: Foul Ball, location: 2F
0-1: Foul Ball, location: 2F
0-2: Strikes out swinging
Batting: RHB Martinus Xhaka 0-0: Ball
1-0: SINGLE (Groundball, 34D)
Mo-ruo Teoh scores
Wilfred McLaughlin to third
Gary Chalmers to second
Runner from 3rd tries for Home, SAFE, no throw
Batting: RHB Steve Irwin 0-0: Called Strike
0-1: Swinging Strike
0-2: Ball
1-2: Strikes out looking
Batting: LHB Jorge Vélez 0-0: Foul Ball, location: 2F
0-1: Called Strike
0-2: Ball
1-2: Fly out, F9 (Flyball, 9S)
Bottom of the 1st over - 2 runs, 3 hits, 0 errors, 2 left on base; Alaskan 1 - Sioux Falls 2
TOP OF THE 2ND
Alaskan Humpbacks batting - Pitching for Sioux Falls Red Pandas : LHP Raúl Gómez
Batting: RHB Wally Briggs 0-0: Ball
1-0: Ball
2-0: Foul Ball, location: 2F
2-1: Fly out, F7 (Flyball, 7S)
Batting: RHB Jon Moon 0-0: Called Strike
0-1: Fly out, F5 (Line Drive, 5F)
Batting: LHB Felipe Soto 0-0: Called Strike
0-1: Ball
1-1: Called Strike
1-2: Strikes out swinging
Top of the 2nd over - 0 runs, 0 hits, 0 errors, 0 left on base; Alaskan 1 - Sioux Falls 2
BOTTOM OF THE 2ND
Sioux Falls Red Pandas batting - Pitching for Alaskan Humpbacks : LHP Brandon Franklin
Batting: LHB Ramón Félix 0-0: Fly out, F8 (Flyball, 89D)
Batting: LHB Arturo Acevedo 0-0: Ball
1-0: Ball
2-0: SINGLE (Line Drive, 7LS)
Batting: LHB Mo-ruo Teoh 0-0: Ball
1-0: Called Strike
1-1: Ball
2-1: Foul Ball, location: 2F
2-2: Foul Ball, location: 2F
2-2: Ball
3-2: Base on Balls
Arturo Acevedo to second
Batting: RHB Wilfred McLaughlin 0-0: Called Strike
0-1: Foul Ball, location: 2F
0-2: SINGLE (Line Drive, 8LS)
Arturo Acevedo to third
Mo-ruo Teoh to second
Batting: RHB Gary Chalmers 0-0: Called Strike
0-1: Fly out, F7 (Flyball, 7LM)
Runner from 3rd tags up, OUT at HOME
Bottom of the 2nd over - 0 runs, 2 hits, 0 errors, 2 left on base; Alaskan 1 - Sioux Falls 2
TOP OF THE 3RD
Alaskan Humpbacks batting - Pitching for Sioux Falls Red Pandas : LHP Raúl Gómez
Batting: RHB Chris Walters 0-0: Foul Ball, location: 2F
0-1: Foul Ball, location: 2F
0-2: Ground out 4-3 (Groundball, 4)
Batting: LHB Dallas Ihde 0-0: Ground out U3 (Groundball, 34S)
Batting: LHB Craig Morgan 0-0: Ball
1-0: Ball
2-0: Fly out, F5 (Line Drive, 56)
Top of the 3rd over - 0 runs, 0 hits, 0 errors, 0 left on base; Alaskan 1 - Sioux Falls 2
BOTTOM OF THE 3RD
Sioux Falls Red Pandas batting - Pitching for Alaskan Humpbacks : LHP Brandon Franklin
Batting: LHB Count Dante 0-0: Ball
1-0: Ball
2-0: Ball
3-0: Called Strike
3-1: Called Strike
3-2: Base on Balls
Batting: RHB Martinus Xhaka 0-0: Called Strike
0-1: Ball
1-1: Called Strike
1-2: Ball
2-2: Ball
3-2: Foul Ball, location: 2F
3-2: Fly out, F9 (Flyball, 89S)
Batting: RHB Steve Irwin 0-0: Called Strike
0-1: Ball
1-1: Foul Ball, location: 2F
1-2: Foul Ball, location: 2F
1-2: Ball
2-2: Foul Ball, location: 2F
2-2: Ball
3-2: Foul Ball, location: 2F
3-2: Foul Ball, location: 2F
3-2: Base on Balls
Count Dante to second
Batting: LHB Jorge Vélez 0-0: Called Strike
0-1: Foul Ball, location: 2F
0-2: Foul Ball, location: 2F
0-2: Fielders Choice at 2nd, 3-6 (Groundball, 34)
Count Dante to third
Batting: LHB Ramón Félix 0-0: Ball
1-0: Foul Ball, location: 2F
1-1: Foul Ball, location: 2F
1-2: Hit by Pitch
Jorge Vélez to second
Batting: LHB Arturo Acevedo 0-0: Ball
1-0: Ball
2-0: SINGLE (Groundball, 6D)
Count Dante scores
Jorge Vélez to third
Ramón Félix to second
Runner from 3rd tries for Home, SAFE, no throw
Batting: LHB Mo-ruo Teoh 0-0: Ball
1-0: Ball
2-0: Ball
3-0: Called Strike
3-1: Foul Ball, location: 2F
3-2: Fly out, F9 (Flyball, 9D)
Bottom of the 3rd over - 2 runs, 1 hit, 0 errors, 2 left on base; Alaskan 1 - Sioux Falls 4
TOP OF THE 4TH
Alaskan Humpbacks batting - Pitching for Sioux Falls Red Pandas : LHP Raúl Gómez
Batting: RHB Sigi Lang 0-0: Called Strike
0-1: Ball
1-1: Called Strike
1-2: Foul Ball, location: 2F
1-2: Reaches on Catchers interference
Batting: RHB Jimbob Ghostkeeper 0-0: Ball
1-0: Fly out, F8 (Flyball, 89M)
Batting: LHB Gabriel Amezquita Pickoff Throw to First - Out!
0-0: Ball
1-0: Ball
2-0: Swinging Strike
2-1: Ground out 4-3 (Groundball, 4)
Top of the 4th over - 0 runs, 0 hits, 1 error, 0 left on base; Alaskan 1 - Sioux Falls 4
BOTTOM OF THE 4TH
Sioux Falls Red Pandas batting - Pitching for Alaskan Humpbacks : LHP Brandon Franklin
Batting: RHB Wilfred McLaughlin 0-0: Called Strike
0-1: Ball
1-1: Foul Ball, location: 2F
1-2: Ground out 4-3 (Groundball, 34)
Pitching: RHP Ramón Solís
Batting: RHB Gary Chalmers 0-0: Foul Ball, location: 2F
0-1: Fly out, F3 (Popup, 3L)
Batting: LHB Count Dante 0-0: Called Strike
0-1: Swinging Strike
0-2: Ball
1-2: Ball
2-2: Ball
3-2: Base on Balls
Batting: RHB Martinus Xhaka 0-0: Called Strike
0-1: Foul Ball, location: 2F
0-2: Foul Ball, location: 2F
0-2: Ground out 4-3 (Groundball, 34)
Bottom of the 4th over - 0 runs, 0 hits, 0 errors, 1 left on base; Alaskan 1 - Sioux Falls 4
TOP OF THE 5TH
Alaskan Humpbacks batting - Pitching for Sioux Falls Red Pandas : LHP Raúl Gómez
Batting: RHB Wally Briggs 0-0: Ball
1-0: SINGLE (Line Drive, 89M)
Batting: RHB Jon Moon 0-0: Called Strike
0-1: Ball
Wally Briggs is caught stealing 2nd base
1-1: Ball
2-1: Ball
3-1: Fly out, F9 (Flyball, 9LSF)
Batting: LHB Felipe Soto 0-0: Foul Ball, location: 2F
0-1: Ball
1-1: Foul Ball, location: 2F
1-2: Ball
2-2: Strikes out looking
Top of the 5th over - 0 runs, 1 hit, 0 errors, 0 left on base; Alaskan 1 - Sioux Falls 4
BOTTOM OF THE 5TH
Sioux Falls Red Pandas batting - Pitching for Alaskan Humpbacks : RHP Ramón Solís
Batting: RHB Steve Irwin 0-0: Ball
1-0: Foul Ball, location: 2F
1-1: Fly out, F6 (Line Drive, 6)
Batting: LHB Jorge Vélez 0-0: Ball
1-0: Called Strike
1-1: Ground out 6-3 (Groundball, 6)
Batting: LHB Ramón Félix 0-0: Ball
1-0: Ball
2-0: Ball
3-0: Base on Balls
Batting: LHB Arturo Acevedo 0-0: Foul Ball, location: 2F
Pickoff Throw to First - Out!
Bottom of the 5th over - 0 runs, 0 hits, 0 errors, 0 left on base; Alaskan 1 - Sioux Falls 4
TOP OF THE 6TH
Alaskan Humpbacks batting - Pitching for Sioux Falls Red Pandas : LHP Raúl Gómez
Batting: RHB Chris Walters 0-0: Called Strike
0-1: Ball
1-1: Swinging Strike
1-2: Ball
2-2: Fly out, F3 (Flyball, 3D)
Batting: LHB Dallas Ihde 0-0: Ground out 6-3 (Groundball, 6)
Batting: LHB Craig Morgan 0-0: Foul Ball, location: 2F
0-1: Ground out 5-3 (Groundball, 56)
Top of the 6th over - 0 runs, 0 hits, 0 errors, 0 left on base; Alaskan 1 - Sioux Falls 4
BOTTOM OF THE 6TH
Sioux Falls Red Pandas batting - Pitching for Alaskan Humpbacks : RHP Ramón Solís
Batting: LHB Arturo Acevedo 0-0: Ball
1-0: Ball
2-0: Ball
3-0: Called Strike
3-1: Ground out 5-3 (Groundball, 56)
Batting: LHB Mo-ruo Teoh 0-0: Called Strike
0-1: Ball
1-1: Foul Ball, location: 2F
1-2: SINGLE (Groundball, 4MD)
Batting: RHB Wilfred McLaughlin 0-0: Called Strike
0-1: Ball
1-1: Swinging Strike
1-2: DOUBLE (Line Drive, 7)
Mo-ruo Teoh to third
Runner from 3rd tries for Home, SAFE, no throw
Batting: RHB Gary Chalmers 0-0: SINGLE (Groundball, 56D)
Wilfred McLaughlin to third
Batting: LHB Count Dante 0-0: Ball
1-0: Ground out U3 (Groundball, 3)
Gary Chalmers to second
Batting: RHB Martinus Xhaka 0-0: Ball
1-0: Swinging Strike
1-1: Foul Ball, location: 2F
1-2: Ball
2-2: Ball
3-2: Base on Balls
Batting: RHB Steve Irwin 0-0: Reached on error, E5 (Groundball, 56S)
Wilfred McLaughlin scores
Gary Chalmers scores
Martinus Xhaka to third
Batting: LHB Jorge Vélez 0-0: Ball
1-0: Foul Ball, location: 2F
1-1: Ground out 4-3 (Groundball, 34D)
Bottom of the 6th over - 3 runs, 3 hits, 1 error, 2 left on base; Alaskan 1 - Sioux Falls 7
TOP OF THE 7TH
Alaskan Humpbacks batting - Pitching for Sioux Falls Red Pandas : LHP Raúl Gómez
Pitching: RHP Roberto Calderón
Batting: RHB Sigi Lang 0-0: Called Strike
0-1: Foul Ball, location: 2F
0-2: Foul Ball, location: 2F
0-2: Ball
1-2: Ground out 6-3 (Groundball, 56)
Batting: RHB Jimbob Ghostkeeper 0-0: Ball
1-0: Ball
2-0: Called Strike
2-1: Foul Ball, location: 2F
2-2: Ball
3-2: Foul Ball, location: 2F
3-2: SINGLE (Flyball, 7S)
Batting: LHB Gabriel Amezquita 0-0: Ball
1-0: Called Strike
1-1: Swinging Strike
1-2: Strikes out swinging
Batting: RHB Wally Briggs 0-0: Ball
1-0: Fielders Choice at 2nd, U4 (Groundball, 4M)
Top of the 7th over - 0 runs, 1 hit, 0 errors, 1 left on base; Alaskan 1 - Sioux Falls 7
BOTTOM OF THE 7TH
Sioux Falls Red Pandas batting - Pitching for Alaskan Humpbacks : RHP Ramón Solís
Batting: LHB Ramón Félix 0-0: Ball
1-0: Swinging Strike
1-1: Foul Ball, location: 2F
1-2: Foul Ball, location: 2F
1-2: Ball
2-2: Foul Ball, location: 2F
2-2: Fly out, F3 (Popup, 3S)
Batting: LHB Arturo Acevedo 0-0: DOUBLE (Flyball, 78XD)
Batting: LHB Mo-ruo Teoh 0-0: Ball
1-0: Called Strike
1-1: Fly out, F9 (Flyball, 9S)
Batting: RHB Wilfred McLaughlin 0-0: Ball
1-0: Foul Ball, location: 2F
1-1: Called Strike
1-2: Strikes out swinging
Bottom of the 7th over - 0 runs, 1 hit, 0 errors, 1 left on base; Alaskan 1 - Sioux Falls 7
TOP OF THE 8TH
Alaskan Humpbacks batting - Pitching for Sioux Falls Red Pandas : RHP Roberto Calderón
Now at 1B: Yun Yen
Batting: RHB Jon Moon 0-0: Ball
1-0: Foul Ball, location: 2F
1-1: Called Strike
1-2: Strikes out swinging
Batting: LHB Felipe Soto 0-0: Called Strike
0-1: Ball
1-1: Foul Ball, location: 2F
1-2: Foul Ball, location: 2F
1-2: Fly out, F8 (Line Drive, 8LM)
Batting: RHB Chris Walters 0-0: Called Strike
0-1: Called Strike
0-2: Strikes out swinging
Top of the 8th over - 0 runs, 0 hits, 0 errors, 0 left on base; Alaskan 1 - Sioux Falls 7
BOTTOM OF THE 8TH
Sioux Falls Red Pandas batting - Pitching for Alaskan Humpbacks : RHP Ramón Solís
Batting: RHB Gary Chalmers 0-0: Foul Ball, location: 2F
0-1: Ball
1-1: Ball
2-1: Swinging Strike
2-2: Strikes out swinging
Batting: LHB Count Dante 0-0: Called Strike
0-1: Called Strike
0-2: Ball
1-2: Strikes out looking
Batting: RHB Martinus Xhaka 0-0: Ground out 4-3 (Groundball, 4M)
Bottom of the 8th over - 0 runs, 0 hits, 0 errors, 0 left on base; Alaskan 1 - Sioux Falls 7
TOP OF THE 9TH
Alaskan Humpbacks batting - Pitching for Sioux Falls Red Pandas : RHP Roberto Calderón
Now at C: Gerardo Castillo
Batting: LHB Dallas Ihde 0-0: Ball
1-0: Fly out, F8 (Flyball, 78M)
Batting: LHB Craig Morgan 0-0: Ball
1-0: Ground out 6-3 (Groundball, 6)
Batting: RHB Sigi Lang 0-0: SINGLE (Flyball, 8RM)
Batting: RHB Jimbob Ghostkeeper 0-0: Ball
1-0: Foul Ball, location: 2F
1-1: Hit by Pitch
Sigi Lang to second
Batting: LHB Gabriel Amezquita 0-0: Swinging Strike
0-1: Swinging Strike
0-2: Ground out 3-1 (Groundball, 34S)
Top of the 9th over - 0 runs, 1 hit, 0 errors, 2 left on base; Alaskan 1 - Sioux Falls 7
Friday, March 29th, 2019 - OOTP Baseball 18.8 Build 76